 Dungeon Crawl Stone Soup version 0.30-a0-779-g7971cf19c3 (webtiles) character file.

Game seed: 18357080678123303374

300 Dittersdorf the Shield-Bearer (level 6, -14/39 HPs)
             Began as a Gargoyle Fighter on Feb 17, 2023.
             Demolished by a wight
             ... wielding a +0 battleaxe
              (15 damage)
             ... on level 4 of the Dungeon.
             The game lasted 00:02:57 (2885 turns).

Dittersdorf the Shield-Bearer (Gargoyle Fighter)    Turns: 2885, Time: 00:02:58

Health: -14/39     AC: 12    Str: 21    XL:     6   Next: 36%
Magic:  6/6        EV:  9    Int:  9    God:
Gold:   145        SH:  4    Dex:  9    Spells: 5/5 levels left

rFire   . . .      SeeInvis .    a - +0 flail
rCold   . . .      Faith    .    c - +0 buckler
rNeg    + . .      Spirit   .    b - +0 scale mail
rPois   ∞          Reflect  .    (no helmet)
rElec   +          Harm     .    (no cloak)
rCorr   .          Rampage  .    (no gloves)
Will    +....                    i - +0 pair of boots Stlth
                                 p - amulet of magic regeneration
HPRegen 0.26/turn                k - ring of willpower
MPRegen 0.50/turn                u - ring of flight

@: flying
A: sickness immunity, AC +4, negative energy resistance 1, electricity
resistance, torment resistance 1, petrification resistance
a: no special abilities


You were on level 4 of the Dungeon.
You visited 1 branch of the dungeon, and saw 4 of its levels.

You collected 145 gold pieces.

Inventory:

Hand Weapons
 a - a +0 flail (weapon)
Armour
 b - a +0 scale mail (worn)
 c - a +0 buckler (worn)
 i - a +0 pair of boots (worn)
Jewellery
 g - a ring of fire
 k - a ring of willpower (left hand)
 p - an amulet of magic regeneration (around neck)
 u - a ring of flight (right hand)
Scrolls
 e - a scroll of vulnerability {unknown}
 l - a scroll of noise {unknown}
 m - a scroll of magic mapping {unknown}
 n - a scroll of fear {unknown}
 v - a scroll of amnesia {unknown}
Potions
 d - 3 potions of might
 f - a potion of haste {unknown}
 h - a potion of curing {unknown}
 j - 3 potions of attraction {unknown}
 o - a potion of cancellation
 q - a potion of mutation
 t - a potion of ambrosia


   Skills:
 + Level 4.7 Fighting
 + Level 3.6 Maces & Flails
 + Level 4.7 Armour
 + Level 4.7 Shields


You had 5 spell levels left.
You didn't know any spells.
Your spell library contained the following spells:

 Spells                   Type           Power      Damage    Failure   Level
 Beastly Appendage        Tmut           0%         N/A       80%         1
 Sting                    Tmut/Pois      0%         1d3       80%         1
 Summon Small Mammal      Summ           0%         N/A       80%         1
 Poisonous Vapours        Pois/Air       0%         N/A       91%         2
 Static Discharge         Conj/Air       0%         2-2/arc   91%         2
 Wereblood                Tmut           0%         N/A       91%         2
 Call Canine Familiar     Summ           0%         N/A       99%         3
 Ignite Poison            Fire/Tmut/Pois 0%         N/A       99%         3
 Kindle Blastsparks       Fire/Tloc/Air  0%         2d10      99%         3
 Spider Form              Tmut/Pois      0%         N/A       99%         3
 Summon Guardian Golem    Hex/Summ       0%         N/A       99%         3
 Vhi's Electric Charge    Tloc/Air       0%         N/A       99%         3
 Olgreb's Toxic Radiance  Pois           0%         N/A       100%        4
 Arcjolt                  Conj/Air       0%         1d10      100%        5
 Freezing Cloud           Conj/Ice/Air   0%         6-21      100%        5
 Lightning Bolt           Conj/Air       0%         1d11      100%        5


Dungeon Overview and Level Annotations

Branches:
Dungeon (4/15)
 Temple: D:4-7

Altars:
Ashenzari
Kikubaaqudgha
Makhleb
Ru


Innate Abilities, Weirdness & Mutations

You are immune to sickness and miasma.
Your stone body is resilient. (AC +4)
You are immune to poison.
You resist negative energy. (rN+)
You are resistant to electric shocks. (rElec)
You are resistant to unholy torment.
You are immune to petrification.


Message History

The wight is heavily damaged.
The wight hits you with a +0 great sword!
You are too injured to fight recklessly!
You are too injured to fight recklessly!
You are too injured to fight recklessly!
You are too injured to fight recklessly!
You are too injured to fight recklessly!
You are too injured to fight recklessly!
You are too injured to fight recklessly!
You are too injured to fight recklessly!
You are too injured to fight recklessly!
You are too injured to fight recklessly!
You are too injured to fight recklessly!
You are too injured to fight recklessly!
You are too injured to fight recklessly!
You are too injured to fight recklessly!
You are too injured to fight recklessly!
You are too injured to fight recklessly!
You are too injured to fight recklessly!
You sock the wight!
You destroy the wight!
The wight hits you but does no damage.
You thump the wight!
The wight is heavily damaged.
The wight hits you with a +0 battleaxe.
You hit the wight.
The wight is heavily damaged.
The wight barely misses you.
You hit the wight.
The wight is severely damaged.
The wight barely misses you.
You barely miss the wight.
The wight is severely damaged.
The wight hits you with a +0 battleaxe!
* * * LOW HITPOINT WARNING * * *
The wight closely misses you.
You closely miss the wight.
The wight is severely damaged.
The wight hits you with a +0 battleaxe!
You die...

##..###
##...#
##..##
#...#
##..#
##..#
##...#
#...##
###@###
##.z##
##..##
#...#
#..##
#..#
#..#
#....#
#..z..#


You could see a wight.

Vanquished Creatures
  A scorpion (D:2)
  2 wights (D:4)
  A hound (D:3)
  2 adders
  2 worms
  4 dart slugs
  3 bats
  A bat zombie (D:3)
  3 endoplasms
  2 giant cockroaches
  7 goblins
  8 hobgoblins
  2 jackals (D:3)
  6 kobolds
  4 quokkas
  7 ball pythons
  3 frilled lizards
  5 rats
  3 rat zombies (D:3)
66 creatures vanquished.

Notes
Turn   | Place    | Note
-------+----------+-------------------------------------------
     0 | D:1      | Dittersdorf the Gargoyle Fighter began the quest for the
                  | Orb.
     0 | D:1      | Reached XP level 1. HP: 14/14 MP: 1/1
   104 | D:1      | Reached XP level 2. HP: 13/19 MP: 2/2
   957 | D:2      | Reached XP level 3. HP: 21/23 MP: 3/3
  1138 | D:2      | Noticed a scorpion
  1157 | D:2      | Killed a scorpion
  1158 | D:2      | Reached XP level 4. HP: 15/29 MP: 4/4
  1295 | D:2      | Found a faded altar of an unknown god.
  1664 | D:3      | Identified the +7 quarterstaff "Laroryr" {freeze, rCorr
                  | Dex+5 Stlth+}
  1862 | D:3      | Reached XP level 5. HP: 33/33 MP: 5/5
  1951 | D:3      | Found a burning altar of Makhleb.
  1953 | D:3      | Noticed a green death
  1957 | D:3      | Noticed a smoke demon
  1957 | D:3      | Noticed a hellwing
  2324 | D:3      | Found an ancient bone altar of Kikubaaqudgha.
  2440 | D:3      | Found a sacrificial altar of Ru.
  2861 | D:4      | Found a broken altar of Ashenzari.
  2876 | D:4      | Reached XP level 6. HP: 28/39 MP: 6/6
  2884 | D:4      | HP: 1/39 [wight/+0 battleaxe (12)]
  2885 | D:4      | Demolished by a wight

Illustrated notes

Levels and vault maps discovered:
D:1:      amcnicky_arrival_gap_in_the_tavern_cellar, layout_basic
D:2:      layout_loops_cross, basic_ecumenical_altar
D:3:      layout_loops_corners, mainiacjoe_overflow_six_doors_small,
          makhleb_altar_promises_db, lemuel_zombie_altar_kikubaaqudgha
D:4:      layout_layer_cave, ashenzari_altar_1,
          nicolae_shop_sticking_my_neck_out, uniq_sigmund

Skill      XL: |  1  2  3  4 |
---------------+-------------+-----
Fighting       | 4 |  4.7
Armour         | 4 |  4.7
Shields        | 4 |  4.7
Maces & Flails | 3 |  3.6

Action                     |  1- 3 |  4- 6 || total
---------------------------+-------+-------++-------
  Melee: Flail             |    71 |   139 ||   210
    Use: Scroll            |       |     5 ||     5
 Armour: Scale mail        |    46 |    66 ||   112
  Dodge: Dodged            |    33 |    72 ||   105
  Block: Buckler           |     6 |    21 ||    27

Table legend: (Time is in decaauts)
 A = Elapsed time spent in this place.
 B = Non-inter-level travel time spent in this place.
 C = Inter-level travel time spent in this place.
 D = Time resting spent in this place.
 E = Time spent auto-exploring this place.
 F = Levels seen in this place.
 G = Mean time per level.
                   A        B        C        D        E       F      G
               +--------+--------+--------+--------+--------+-----+--------+
         Total |   2945 |   2752 |    193 |     55 |   2170 |   4 |  736.2 |
       Dungeon |   2945 |   2752 |    193 |     55 |   2170 |   4 |  736.2 |
               +--------+--------+--------+--------+--------+-----+--------+

Top non-repeatable levels by time:
     D:3: 1066 daAuts
     D:1: 983 daAuts
     D:2: 710 daAuts
     D:4: 184 daAuts
